 Dungeon Crawl Stone Soup version 0.19-a0-1886-gd64a0f0 (webtiles) character file.

319 Theye the Chopper (level 6, -9/52 HPs)
             Began as a Hill Orc Fighter on Oct 15, 2016.
             Killed from afar by Ijyb (14 damage)
             ... with a wand of acid
             ... on level 3 of the Dungeon.
             The game lasted 00:03:13 (2042 turns).

Theye the Chopper (Hill Orc Fighter)                Turns: 2042, Time: 00:03:14

Health: -9/52      AC: 11    Str: 20    XL:     6   Next: 45%
Magic:  6/6        EV:  3    Int:  8    God:
Gold:   72         SH:  9    Dex: 11    Spells: 0 memorised, 5 levels left

rFire  . . .     SeeInvis .     a - +0 war axe
rCold  . . .     Gourm    .     h - +0 plate armour
rNeg   . . .     Faith    .     c - +0 shield
rPois  .         Spirit   .     (no helmet)
rElec  .         Dismiss  .     (no cloak)
rCorr  .         Reflect  .     (no gloves)
MR     .....     Harm     .     (no boots)
Stlth  ..........               (no amulet)
                                (no ring)
                                (no ring)

@: no status effects
A: no striking features
a: no special abilities


You were on level 3 of the Dungeon.
You were very hungry.

You visited 1 branch of the dungeon, and saw 4 of its levels.

You collected 72 gold pieces.

Inventory:

Hand Weapons
 a - a +0 war axe (weapon)
Armour
 b - a +0 scale mail
 c - a +0 shield (worn)
 h - a +0 plate armour (worn)
Jewellery
 d - a cursed ring of loudness {unknown}
Wands
 q - a wand of lightning (0/15)
Scrolls
 e - 2 scrolls of remove curse
 g - a scroll of identify
Comestibles
 f - 3 bread rations
 j - a beef jerky
 n - 4 fruits
 o - a meat ration


   Skills:
 + Level 4.1 Fighting
 * Level 7.1 Axes
 + Level 4.2 Armour
 + Level 0.1 Dodging
 + Level 4.1 Shields


You had 5 spell levels left.
You didn't know any spells.

Dungeon Overview and Level Annotations

Branches:
Dungeon (4/15)
 Temple: D:4-7

Altars:
Fedhas

Annotations:
D:3 Ijyb


Message History

a scythe; a runed robe
Items here: ! ) [ † a club; a robe; a potion of might; the human corpse of Jessica You hit Ijyb.
Ijyb is lightly wounded.
Ijyb hits you but does no damage.
You closely miss Ijyb.
Ijyb is lightly wounded.
Ijyb hits you but does no damage.
You slash Ijyb!
Ijyb is severely wounded.
Ijyb zaps a wand.
The bolt of acid hits you!
* * * LOW HITPOINT WARNING * * *
You are splashed with acid!
The acid burns!
* * * LOW HITPOINT WARNING * * *
It is a wand of acid.
You closely miss Ijyb.
Ijyb is severely wounded.
You block Ijyb's attack.
Ijyb zaps a wand.
The bolt of acid hits you!
You die...

###.#............
#.
#....#.#.#...##
#.
###..#.$..#...#
#. #..###...##.#
#. ######[.# ...#
#. .......g# ...
#. #######.# ##
##.########.#
#...)))@g...#
#############


You could see Ijyb.

Vanquished Creatures
  Sigmund (D:3)
  Jessica (D:3)
  Terence (D:3)
  An orc wizard (D:4)
  3 adders (D:2)
  An ooze (D:2)
  A worm (D:2)
  A dart slug (D:2)
  2 leopard geckos
  4 orcs (D:3)
  A goblin (D:2)
  6 hobgoblins
  4 jackals (D:1)
  3 kobolds (D:2)
  10 bats
  2 frilled lizards
  4 rats
46 creatures vanquished.

Notes
Turn   | Place    | Note
-------+----------+-------------------------------------------
     0 | D:1      | Theye the Hill Orc Fighter began the quest for the Orb.
     0 | D:1      | Reached XP level 1. HP: 19/19 MP: 1/1
   213 | D:1      | Reached skill level 3 in Axes
   251 | D:1      | Reached XP level 2. HP: 27/27 MP: 2/2
   642 | D:2      | Reached skill level 4 in Axes
   642 | D:2      | Reached XP level 3. HP: 27/33 MP: 3/3
   831 | D:2      | Found a blossoming altar of Fedhas.
  1241 | D:2      | Reached XP level 4. HP: 40/40 MP: 4/4
  1556 | D:3      | Reached skill level 5 in Axes
  1576 | D:3      | Gained mutation: You are robust. (+10% HP) [potion of mutation]
  1576 | D:3      | Gained mutation: Your system is resistant to poisons. (rPois) [potion of mutation]
  1576 | D:3      | Gained mutation: You are clumsy. (Dex -2) [potion of mutation]
  1601 | D:4      | Lost mutation: Your system is resistant to poisons. (rPois) [potion of cure mutation]
  1601 | D:4      | Lost mutation: You are clumsy. (Dex -2) [potion of cure mutation]
  1601 | D:4      | Lost mutation: You are robust. (+10% HP) [potion of cure mutation]
  1831 | D:3      | Noticed Sigmund
  1831 | D:3      | Noticed Terence
  1831 | D:3      | Noticed Jessica
  1855 | D:3      | Killed Jessica
  1855 | D:3      | Reached XP level 5. HP: 34/46 MP: 5/5
  1858 | D:3      | Killed Terence
  1858 | D:3      | Reached skill level 6 in Axes
  1880 | D:3      | Killed Sigmund
  1880 | D:3      | Reached skill level 7 in Axes
  1880 | D:3      | Reached XP level 6. HP: 8/52 MP: 6/6
  2036 | D:3      | Noticed Ijyb
  2042 | D:3      | Killed from afar by Ijyb

Vault maps used:
D:1:      minmay_arrival_open_corners
D:2:      first_bread, fedhas_altar_3
D:3:      uniq_sigmund, uniq_terence, uniq_iyjb, uniq_jessica
D:4:      cheibriados_altar_1, kennysheep_mini, lightli_sewer_entry_pipes,
          uniq_natasha

Skill      XL: |  1  2  3  4  5 |
---------------+----------------+-----
Axes           | 3 4 5 7 |  7.1
Fighting       | 4 |  4.1
Armour         | 4 |  4.2
Shields        | 4 |  4.1
Dodging        | |  0.1

Action                   |  1- 3 |  4- 6 || total
-------------------------+-------+-------++-------
Melee: War axe           |   168 |   107 ||   275
Evoke: Wand              |       |     2 ||     2
  Use: Potion            |       |     5 ||     5
       Scroll            |       |     2 ||     2
  Eat: Chunk             |     1 |     2 ||     3
Armor: Plate armour      |   171 |    75 ||   246
Dodge: Dodged            |    29 |    11 ||    40
Block: Shield            |   112 |    63 ||   175
